 Dungeon Crawl Stone Soup version 0.20.0-15-g7f486f2 (webtiles) character file.

620 dvd the Covert (level 7, -6/32 HPs)
             Began as a Spriggan Enchanter on June 14, 2017.
             Killed from afar by Ijyb (9 damage)
             ... with a wand of flame (?/48)
             ... on level 5 of the Dungeon.
             The game lasted 00:11:54 (4305 turns).

dvd the Covert (Spriggan Enchanter)                 Turns: 4305, Time: 00:11:55

Health: -6/32      AC:  2    Str:  4    XL:     7   Next: 22%
Magic:  14/15      EV: 19    Int: 19    God:
Gold:   127        SH:  0    Dex: 16    Spells: 7/16 levels left

rFire    . . .     SeeInvis +   z - +2 dagger (chaos)
rCold    + . .     Gourm    .   (shield restricted)
rNeg     . . .     Faith    .   b - +0 robe
rPois    .         Spirit   .   (helmet restricted)
rElec    .         Reflect  .   (no cloak)
rCorr    .         Harm     .   (gloves unavailable)
MR       +....                  (boots unavailable)
Stlth    ++++......             (no amulet)
Regen    0.1/turn               t - ring of protection from fire
MPRegen  0.2/turn               j - ring of ice

@: very quick
A: unfitting armour, see invisible, herbivore 3, speed 3, slow metabolism 2
a: no special abilities


You were on level 5 of the Dungeon.
You were not hungry.

You visited 1 branch of the dungeon, and saw 5 of its levels.

You collected 127 gold pieces.

Inventory:

Hand Weapons
 a - a +1 dagger
 z - a +2 dagger of chaos (weapon)
Armour
 b - a +0 robe (worn)
Jewellery
 j - a ring of ice (right hand)
 t - a ring of protection from fire (left hand)
Wands
 x - a wand of polymorph (7/24)
Scrolls
 e - 2 scrolls of enchant armour {unknown}
 h - 2 scrolls of immolation {unknown}
 i - 4 scrolls of remove curse {unknown}
 k - 2 scrolls of fog {unknown}
 l - 8 scrolls of identify {unknown}
 n - 4 scrolls of teleportation {unknown}
 o - a scroll of magic mapping {unknown}
 q - 2 scrolls of amnesia {unknown}
 s - 2 scrolls of recharging {unknown}
 v - 4 scrolls of noise {unknown}
 y - 2 scrolls of enchant weapon {unknown}
Potions
 f - a potion of magic {unknown}
 g - 3 potions of might {unknown}
 m - 4 potions of flight {unknown}
 p - 2 potions of curing {unknown}
 w - a potion of invisibility {unknown}
 A - a potion of agility {unknown}
 B - a potion of heal wounds {unknown}
Books
 c - a book of Maledictions

   Spells                             Type                      Level
   a - Corona                         Hexes                        1
   b - Ensorcelled Hibernation        Hexes/Ice                    2
   c - Confuse                        Hexes                        3
   d - Tukima's Dance                 Hexes                        3
   e - Dazzling Spray                 Conjuration/Hexes            3
Comestibles
 d - 3 bread rations
 r - 3 fruits
 u - a royal jelly


   Skills:
 + Level 0.5 Fighting
 + Level 2.7 Short Blades
 + Level 3.7 Dodging
 + Level 8.3 Stealth
 + Level 5.0 Spellcasting
 + Level 0.3 Conjurations
 + Level 5.6 Hexes
 + Level 1.2 Ice Magic


You had 7 spell levels left.
You knew the following spells:

 Your Spells              Type           Power        Failure   Level  Hunger
a - Corona                Hex            ####...      1%          1    None
b - Ensorcelled Hibernat  Hex/Ice        ####..       4%          2    #......
c - Confuse               Hex            ####....     3%          3    ##.....
d - Dazzling Spray        Conj/Hex       ###...       11%         3    ##.....


Dungeon Overview and Level Annotations

Branches:
Dungeon (5/15)
 Temple: D:4-7

Altars:
Fedhas
Kikubaaqudgha
Okawaru
Uskayaw
Xom
The Shining One

Annotations:
D:5 Ijyb


Innate Abilities, Weirdness & Mutations

You are very small and have problems with some larger weapons.
You are too small for most types of armour.
You have supernaturally acute eyesight. (SInv)
You are a herbivore.
You cover ground extremely quickly.
You need consume almost no food.


Message History

Ijyb shouts!
A jelly and a centaur come into view.
Ijyb zaps a wand.
The puff of flame hits you!
It is a wand of flame (?/48).
Found a scroll labeled AKHLOSSIGECK.
You catch the helpless centaur zombie completely off-guard!
You impale the centaur zombie!!
The centaur zombie is almost destroyed.
The centaur shouts!
The centaur wields a shortbow.
The centaur shoots an arrow.
The arrow hits you!
You hit the centaur zombie. You burn the centaur zombie.
The centaur zombie is almost destroyed.
Ijyb zaps a wand.
The puff of flame hits you!
The centaur shoots an arrow.
The arrow completely misses you.
You see here an arrow.
The centaur shoots an arrow.
The arrow closely misses you.
The centaur shoots an arrow.
The arrow hits you!
* * * LOW HITPOINT WARNING * * *
You see here 2 arrows.
Ijyb zaps a wand.
The puff of flame hits you!
You die...

.......(.g##....###### ###.#
?...J......(.........#####.#.#
..........##g................#
.....)....###.#########.#..###
..$.$.?...# #.##...# #.......
.....###### #.##.#.# #....###
..... #.##.#.# #....# # ...
#.#..#.# #.#..# #
#@#.##.####.#..# #
#...........#..###
###.##......#(.##.
#.#.####.##...'.
#.#<...#......#.
#.###.######..#. #.....# #..##
####### #..# #.>#


You could see Ijyb.

Vanquished Creatures
  The ghost of CODWOMAN the Chiller, an amateur DsIE (D:4)
  Edmund (D:4)
  A sky beast (D:5)
  A bullfrog (D:4)
  2 crimson imps (D:3)
  2 hounds
  A howler monkey skeleton (D:4)
  2 adders
  An adder skeleton (D:4)
  2 worms
  2 dart slugs
  4 leopard geckos
  A ball python (D:1)
  2 bat zombies (D:4)
  6 giant cockroaches
  5 goblins
  8 hobgoblins
  9 jackals
  7 kobolds
  2 quokkas (D:3)
  4 bats
  4 frilled lizards
  A quokka skeleton (D:4)
  9 rats
  A rat zombie (D:4)
79 creatures vanquished.

Notes
Turn   | Place    | Note
-------+----------+-------------------------------------------
     0 | D:1      | dvd the Spriggan Enchanter began the quest for the Orb.
     0 | D:1      | Reached XP level 1. HP: 9/9 MP: 5/5
   503 | D:1      | Reached XP level 2. HP: 13/13 MP: 2/6
   509 | D:1      | Learned a level 2 spell: Ensorcelled Hibernation
  1544 | D:1      | Reached XP level 3. HP: 16/16 MP: 2/8
  1783 | D:1      | Reached skill level 5 in Stealth
  2158 | D:2      | Found a glowing golden altar of the Shining One.
  2397 | D:2      | Learned a level 3 spell: Confuse
  2401 | D:2      | Learned a level 3 spell: Dazzling Spray
  2574 | D:3      | Reached XP level 4. HP: 21/21 MP: 10/10
  2598 | D:3      | Found a shimmering altar of Xom.
  2623 | D:3      | Found a faded altar of an unknown god.
  2759 | D:3      | Reached skill level 1 in Ice Magic
  3099 | D:3      | Reached skill level 6 in Stealth
  3099 | D:3      | Reached XP level 5. HP: 24/24 MP: 7/12
  3343 | D:4      | Noticed CODWOMAN's ghost (amateur DsIE)
  3368 | D:4      | Killed CODWOMAN's ghost
  3368 | D:4      | Reached skill level 7 in Stealth
  3368 | D:4      | Reached skill level 5 in Hexes
  3368 | D:4      | Reached XP level 6. HP: 29/29 MP: 6/13
  3634 | D:4      | Found a hide-covered altar of Uskayaw.
  3718 | D:4      | Noticed Edmund
  3721 | D:4      | Found an ancient bone altar of Kikubaaqudgha.
  3740 | D:4      | Killed Edmund
  4001 | D:4      | Found a blossoming altar of Fedhas.
  4099 | D:4      | Reached XP level 7. HP: 32/32 MP: 12/15
  4158 | D:5      | Entered Level 5 of the Dungeon
  4174 | D:5      | Found an iron altar of Okawaru.
  4259 | D:5      | Reached skill level 8 in Stealth
  4259 | D:5      | Reached skill level 5 in Spellcasting
  4286 | D:5      | Noticed Ijyb
  4305 | D:5      | Killed from afar by Ijyb

Skill      XL: |  1  2  3  4  5  6  7 |
---------------+----------------------+-----
Spellcasting   | 3 4 5 |  5.0
Hexes          | 4 5 |  5.6
Stealth        | 5 6 7 8 |  8.3
Ice Magic      | 1 |  1.2
Short Blades   | 2 |  2.7
Fighting       | |  0.5
Dodging        | |  3.7
Conjurations   | |  0.3

Action                   |  1- 3 |  4- 6 |  7- 9 || total
-------------------------+-------+-------+-------++-------
Melee: Dagger            |   138 |    68 |     9 ||   215
 Cast: Corona            |    27 |     1 |       ||    28
       Ensorcelled Hiber |    41 |    16 |       ||    57
       Dazzling Spray    |       |     6 |       ||     6
       Confuse           |       |     4 |     1 ||     5
 Stab: Sleeping          |    30 |    21 |     2 ||    53
       Invisible         |       |     2 |       ||     2
       Confused          |       |     2 |     1 ||     3
       Petrified         |       |     1 |       ||     1
       Paralysed         |       |     1 |       ||     1
  Eat: Bread ration      |     1 |       |       ||     1
Armor: Robe              |    12 |     5 |       ||    17
Dodge: Dodged            |   106 |    34 |     2 ||   142
